 Dungeon Crawl Stone Soup version 0.31.0-1-g2c135a0 (webtiles) character file.

Game seed: 3295455982399029883

11832 thefrozenturkey the Fighter (level 11, -12/104 HPs)
             Began as a Minotaur Hunter on Feb 22, 2024.
             Was the Champion of Cheibriados.
             Mangled by an ice devil (13 damage)
             ... summoned by an orc high priest
             ... on level 2 of the Orcish Mines.
             The game lasted 01:03:07 (11779 turns).

thefrozenturkey the Fighter (Minotaur Hunter)      Turns: 11779, Time: 01:03:07

Health: -12/104    AC: 17    Str: 36    XL:     11   Next: 54%
Magic:  15/15      EV: 15    Int: 19    God:    Cheibriados [******]
Gold:   513        SH:  5    Dex: 28    Spells: 17/17 levels left

rFire   + + .        o - +8 flail (holy)
rCold   . . .        (no shield)
rNeg    . . .        N - +2 chain mail {rF+}
rPois   +            n - +2 hat
rElec   .            g - +1 cloak of Okawaru's Esteem {rPois}
rCorr   .            s - +0 pair of gloves
SInv    .            (no boots)
Will    +....        i - amulet of reflection Stlth
                     q - ring of willpower
HPRegen 0.37/turn    C - ring of protection from fire
MPRegen 0.14/turn

%: reflection
@: very slow
A: horns 2, retaliatory headbutt, dopey 1, MP-powered wands
a: Renounce Religion, Bend Time, Temporal Distortion, Slouch, Step From Time


You were on level 2 of the Orcish Mines.
You worshipped Cheibriados.
Cheibriados was exalted by your worship.
You visited 3 branches of the dungeon, and saw 12 of its levels.

You collected 929 gold pieces.
You spent 416 gold pieces at shops.

Inventory:

Hand Weapons
 j - the +10 dagger of the Solstice {vamp, Int+3}
   (You found it on level 3 of the Dungeon)

   Int+3:     It affects your intelligence (+3).
 o - a +8 flail of holy wrath (weapon)
 F - a +0 orcbow
 I - a +2 dire flail
 L - a +4 morningstar of freezing
 O - a +0 club
Missiles
 f - 8 atropa-tipped darts
 y - 2 throwing nets (quivered)
 B - 15 poisoned darts
Armour
 c - a +0 kite shield
 e - a +0 chain mail of poison resistance
 g - the +1 cloak of Okawaru's Esteem (worn) {rPois}
   (You found it on level 7 of the Dungeon)

   rPois:     It protects you from poison
 n - a +2 hat (worn)
 r - a +2 plate armour
 s - a +0 pair of gloves (worn)
 u - an orb of guile
 A - +0 steam dragon scales
 N - a +2 chain mail of fire resistance (worn)
Jewellery
 h - an amulet of the acrobat
 i - an amulet of reflection (around neck)
 q - a ring of willpower (left hand)
 C - a ring of protection from fire (right hand)
 G - a ring of poison resistance
Wands
 a - a wand of digging (4)
 t - a wand of paralysis (7)
 x - a wand of flame (17)
 D - a wand of iceblast (15)
Scrolls
 b - a scroll of immolation
 k - 2 scrolls of teleportation
 m - 2 scrolls of noise
 M - a scroll of revelation
Potions
 d - 2 potions of berserk rage
 l - 2 potions of brilliance
 p - a potion of magic
 v - 6 potions of attraction
 z - 2 potions of enlightenment
 E - a potion of invisibility {unknown}
 K - a potion of curing {unknown}


   Skills:
 * Level 11.8 Fighting
 + Level 10.6 Maces & Flails
 + Level 10.9 Ranged Weapons
 + Level 0.1 Throwing
 + Level 4.8 Armour
 + Level 6.8 Dodging
 - Level 0.9 Stealth
 + Level 1.4 Shields
 - Level 3.5 Spellcasting
 + Level 0.5 Invocations
 + Level 1.5 Evocations


You had 17 spell levels left.
You didn't know any spells.
Your spell library contained the following spells:

 Spells                   Type           Power      Damage    Failure   Level
 Necrotise                Necr           12%        1d4       43%         1
 Scorch                   Fire           6%         2d5       56%         2
 Dazzling Flash           Conj/Hex       6%         N/A       80%         3
 Fugue of the Fallen      Necr           3%         N/A       80%         3
 Gell's Gravitas          Tloc           3%         N/A       80%         3
 Mephitic Cloud           Conj/Alch/Air  3%         N/A       80%         3
 Ozocubu's Armour         Ice            3%         N/A       80%         3
 Teleport Other           Tloc           3%         N/A       80%         3
 Vampiric Draining        Necr           3%         2d6       80%         3
 Flame Wave               Conj/Fire      3%         2d5       99%         4
 Manifold Assault         Tloc           3%         N/A       99%         4
 Martyr's Knell           Necr/Summ      3%         N/A       99%         4
 Curse of Agony           Necr           3%         N/A       100%        5
 Fireball                 Conj/Fire      1%         3d3       100%        5
 Silence                  Hex/Air        1%         N/A       100%        5
 Bombard                  Conj/Erth      1%         9d1       100%        6
 Dispersal                Tloc           1%         N/A       100%        6
 Disjunction              Tloc           1%         N/A       100%        8


Dungeon Overview and Level Annotations

Branches:
Dungeon (9/15)             Temple (1/1) D:6            Lair (0/5) D:9
    Orc (2/2) D:9
    Elf: Orc:2

Altars:
Ashenzari
Cheibriados
Dithmenos
Elyvilon
Fedhas
Gozag
Hepliaklqana
Kikubaaqudgha
Makhleb
Nemelex Xobeh
Okawaru
Qazlal
Ru
Sif Muna
Trog
Uskayaw
Vehumet
Wu Jian
Xom
Yredelemnul
Zin
The Shining One

Shops:
Orc:1 !(*

Annotations:
D:8 2 transporters, IAmTheZeppo's ghost, novice DsAl


Innate Abilities, Weirdness & Mutations

You have a pair of horns on your head.
You reflexively headbutt those who attack you in melee.
You are dopey. (Int -2)
You expend magic power (3 MP) to strengthen your wands.


Message History

The orc high priest mumbles some strange prayers to Beogh.
The orc high priest is engulfed in a cloud of scalding steam.
The smoke demon gestures at you. Beogh smites you!
The orc high priest shouts, "You must be punished!"
The smoke demon attacks as it pursues you!
You block the smoke demon's attack.
The smoke demon hits you but does no damage.
The smoke demon hits you.
The smoke demon hits you but does no damage.
The smoke demon completely misses you.
The smoke demon hits you but does no damage.
The orc high priest says, "Oblivion to the unbeliever."
The orc high priest barely misses you.
The smoke demon disappears in a puff of smoke!
The orc high priest hits you but does no damage.
The orc high priest attacks as it pursues you!
The orc high priest closely misses you. The ice devil closely misses you.
The orc high priest completely misses you.
The ice devil hits you. The ice devil freezes you!
* * * LOW HITPOINT WARNING * * *
The orc high priest utters an invocation to Beogh.
You feel your willpower return.
The ice devil attacks as it pursues you!
The ice devil closely misses you.
The orc high priest attacks as it pursues you!
The orc high priest hits you but does no damage.
The ice devil misses you. x2; The orc high priest barely misses you.
The ice devil hits you.
* * * LOW HITPOINT WARNING * * *
The ice devil freezes you!
* * * LOW HITPOINT WARNING * * *
You block the ice devil's attack. The orc high priest misses you.
The orange demon stings you but does no damage.
There is a stone staircase leading up, spattered with blood here.
The ice devil hits you but does no damage.
The ice devil hits you.
* * * LOW HITPOINT WARNING * * *
The ice devil freezes you!
You die...

### ### ##.###### ###.########
####...#...# ##.#..##.##.##
#.##..###.## #............#
......#....#########........##.##
#.............##.##........#####
###..........##.[.##........## #
#.#..........##4@..#.........####
#.#...........o4)#............##.
ยงยง.#..........4.[.............#..
4.............[..)...####.....#..
........##.....).....# ###.......
.........###........####.........
.........# ##........#<..........
.........###...........#.........
..#.......#.....................#


You could see an orc high priest, an orange demon (summoned) and 2 ice devils.

Vanquished Creatures
  An orc warlord (D:9)
  A two-headed ogre (D:8)
  2 orc knights (Orc:1)
  2 komodo dragons (D:9)
  2 trolls
  3 red devils (Orc:2)
  A hornet (D:7)
  A basilisk (D:9)
  3 steam dragons
  A warg (Orc:1)
  2 swamp worms (D:8)
  A two-headed ogre zombie (D:9)
  A water moccasin (D:7)
  A swamp drake (D:9)
  A black bear (D:8)
  16 orc warriors
  3 sky beasts
  3 ice beasts
  6 ogres
  2 centaurs
  4 phantoms
  A kobold brigand (D:4)
  6 bullfrogs
  A gnoll sergeant (D:8)
  A scorpion (D:3)
  13 wights
  A troll zombie (D:9)
  8 killer bees (D:9)
  An electric eel (D:7)
  2 howler monkeys
  A bombardier beetle (D:4)
  A lava snake (D:7)
  4 hounds
  18 orc priests
  A gnoll bouda (D:9)
  A jelly (D:6)
  4 iguanas
  2 sleepcaps
  Natasha (twice) (D:4)
  14 orc wizards
  6 ogre zombies (D:9)
  16 gnolls
  3 adders
  2 shadow imps
  2 ufetubi (D:6)
  7 dart slugs
  A ribbon worm (D:4)
  49 orcs
  5 endoplasms
  4 giant cockroaches
  8 goblins
  3 hobgoblins (D:1)
  6 jackals
  6 quokkas
  6 ball pythons
  4 bats
  7 frilled lizards
  5 gnoll skeletons (D:9)
  7 kobolds
  2 orc skeletons (D:9)
  17 orc zombies (D:9)
  3 rats
308 creatures vanquished.

Vanquished Creatures (others)
  An orc zombie (D:9)
1 creature vanquished.

Grand Total: 309 creatures vanquished

Notes
Turn   | Place    | Note
-------+----------+-------------------------------------------
     0 | D:1      | thefrozenturkey the Minotaur Hunter began the quest for the
                  | Orb.
     0 | D:1      | Reached XP level 1. HP: 18/18 MP: 0/0
   281 | D:1      | Reached XP level 2. HP: 25/25 MP: 1/1
   327 | D:1      | Found a faded altar of an unknown god.
   561 | D:1      | Reached skill level 5 in Ranged Weapons
   724 | D:1      | Prayed at the altar of an unknown god.
   724 | D:1      | Became a worshipper of Cheibriados the Contemplative
   724 | D:1      | Reached * piety under Cheibriados
   861 | D:2      | HP: 1/25 [poisoned by an adder]
   862 | D:2      | Reached XP level 3. HP: 1/30 MP: 2/2
  1297 | D:3      | Identified the +10 dagger of the Solstice {vamp, Int+3}
  1403 | D:3      | Reached ** piety under Cheibriados
  1531 | D:3      | Reached skill level 3 in Fighting
  1531 | D:3      | Reached XP level 4. HP: 38/38 MP: 3/3
  1535 | D:3      | Reached skill level 1 in Maces & Flails
  1788 | D:3      | Noticed a scorpion
  1792 | D:3      | Killed a scorpion
  1793 | D:3      | Reached skill level 1 in Armour
  1793 | D:3      | Reached XP level 5. HP: 45/46 MP: 4/4
  2250 | D:4      | Noticed Natasha
  2369 | D:4      | Reached *** piety under Cheibriados
  2503 | D:4      | Found a hide-covered altar of Uskayaw.
  2510 | D:4      | Reached skill level 4 in Fighting
  2592 | D:4      | Reached XP level 6. HP: 52/52 MP: 5/5
  2813 | D:4      | Killed Natasha
  2936 | D:4      | Noticed Natasha
  2939 | D:4      | Killed Natasha
  3142 | D:4      | Found a broken altar of Ashenzari.
  3304 | D:5      | Entered Level 5 of the Dungeon
  3372 | D:5      | Reached **** piety under Cheibriados
  3451 | D:5      | Reached XP level 7. HP: 58/60 MP: 6/6
  3532 | D:5      | Reached skill level 5 in Fighting
  4198 | D:6      | Reached XP level 8. HP: 70/70 MP: 7/7
  4216 | D:6      | Found a shimmering blue altar of Sif Muna.
  4225 | D:6      | Reached skill level 6 in Fighting
  4364 | D:6      | Found a staircase to the Ecumenical Temple.
  4375 | Temple   | Entered the Ecumenical Temple
  4433 | D:6      | Got Cerry's Compendium of Ruinous Immolation
  4577 | D:6      | Reached skill level 7 in Fighting
  4577 | D:6      | Reached skill level 5 in Maces & Flails
  5122 | D:7      | Noticed a hornet
  5133 | D:7      | Killed a hornet
  5134 | D:7      | Reached skill level 1 in Spellcasting
  5134 | D:7      | Reached XP level 9. HP: 79/79 MP: 9/9
  5264 | D:7      | Identified the +1 cloak of Okawaru's Esteem {rPois}
  5269 | D:7      | Reached ***** piety under Cheibriados
  5469 | D:7      | Found the +7 staff of the Meek {protect, meekguard}
  6102 | D:8      | Noticed a two-headed ogre
  6104 | D:8      | Noticed a manticore
  6104 | D:8      | Noticed IAmTheZeppo's ghost (novice DsAl)
  6169 | D:8      | Reached skill level 8 in Fighting
  6271 | D:8      | Found a basalt altar of Yredelemnul.
  6305 | D:8      | Found a transporter.
  6309 | D:8      | Found an iron altar of Okawaru.
  6310 | D:8      | Found a transporter.
  6423 | D:8      | Reached skill level 5 in Dodging
  6562 | D:8      | Found a flagged portal.
  6948 | D:8      | Reached skill level 9 in Fighting
  6948 | D:8      | Reached XP level 10. HP: 91/91 MP: 12/12
  6964 | D:8      | Found an ornate altar of the Wu Jian Council.
  7493 | D:8      | Found an ornate altar of the Wu Jian Council.
  7564 | D:8      | Found a basalt altar of Yredelemnul.
  7596 | D:8      | Found a transporter.
  7600 | D:8      | Found an iron altar of Okawaru.
  7601 | D:8      | Found a transporter.
  7809 | D:9      | Found a staircase to the Orcish Mines.
  7947 | D:9      | Noticed a two-headed ogre
  7956 | D:8      | Killed a two-headed ogre
  7957 | D:8      | Reached skill level 10 in Ranged Weapons
  8471 | D:9      | Reached skill level 10 in Fighting
  8598 | D:9      | Reached ****** piety under Cheibriados
  9090 | D:9      | Found a bloodstained altar of Trog.
  9091 | D:9      | Found a white marble altar of Elyvilon.
  9187 | D:9      | Found a staircase to the Lair.
  9341 | Orc:1    | Entered Level 1 of the Orcish Mines
  9354 | Orc:1    | Noticed an orc warlord
  9558 | D:9      | Killed an orc warlord
  9559 | D:9      | Reached skill level 11 in Fighting
  9559 | D:9      | Reached XP level 11. HP: 31/102 MP: 13/15
  9836 | Orc:1    | Found Foylaut's Distillery.
  9843 | Orc:1    | Bought 2 potions of enlightenment for 180 gold pieces
  9843 | Orc:1    | Bought a potion of berserk rage for 90 gold pieces
  9843 | Orc:1    | Bought a potion of berserk rage for 90 gold pieces
  9874 | D:9      | Gained mutation: You are dopey. (Int -2) [potion of
                  | mutation]
  9874 | D:9      | Gained mutation: You expend magic power (3 MP) to
                  | strengthen your wands. [potion of mutation]
 10019 | Orc:1    | Found Beaphaxzi's Antique Weapon Boutique.
 10102 | Orc:1    | Reached skill level 1 in Evocations
 10223 | Orc:1    | Found Bege's Assorted Antiques.
 10259 | Orc:1    | Bought a scroll of identify for 56 gold pieces
 10350 | Orc:2    | Entered Level 2 of the Orcish Mines
 10350 | Orc:2    | Noticed an orc knight
 10366 | Orc:1    | Killed an orc knight
 10712 | Orc:1    | Reached skill level 10 in Maces & Flails
 10726 | Orc:2    | Noticed an orc knight
 10932 | Orc:1    | Killed an orc knight
 10933 | Orc:1    | Reached skill level 1 in Shields
 11750 | Orc:2    | Noticed an orc high priest
 11778 | Orc:2    | HP: 4/104 [ice devil[an orc high priest] (12)]
 11779 | Orc:2    | HP: 1/104 [ice devil[an orc high priest] (4)]
 11779 | Orc:2    | Mangled by an ice devil

Illustrated notes

Levels and vault maps discovered:
D:1:      minmay_arrival_diagonal_passages, layout_basic, basic_ecumenical_altar
D:2:      layout_rooms
D:3:      layout_basic, minmay_increasing_density
D:4:      layout_loops_cross, ashenzari_altar_1,
          nicolae_uskayaw_murder_on_the_dancefloor, lexackson_kobold_supper,
          uniq_natasha
D:5:      layout_basic
D:6:      layout_rooms, hellmonk_sif_muna_bookshelves, minmay_temple_entry_mist,
          minmay_holes, corexii_leaking_fountain, billiards_dpeg
D:7:      layout_loops_cross, nrook_loot_triangle, minmay_stone_trees_large,
          nicolae_lava_and_water, hangedman_abyss_or_decor_lesser_grid,
          pf_guarded_unrand_meek
D:8:      layout_basic, nicolae_wu_jian_immortal_techniques,
          okawaru_metal_pillars_3, old_standard_altar, enter_bailey_7,
          nzn_ghost_randoct, worms_lemuel
D:9:      layout_rooms, mainiacjoe_overflow_divided_tiny, erik_lair_dragon,
          zombieorc2_lemuel
Temple:   nicolae_temple_bog_church
Orc:1:    layout_diamond_mine, serial_shops, nicolae_shop_tiny_glass, shop,
          shop, shop
Orc:2:    st_orc_congregation, layout_diamond_mine, gauntlet_entry_generic,
          einodemon_armed_red_devil_minivault

Skill      XL: |  1  2  3  4  5  6  7  8  9 10 11 |
---------------+----------------------------------+-----
Ranged Weapons | 5 6 8 9 10 | 10.9
Fighting       | 3 4 5 7 9 11 | 11.8
Maces & Flails | 1 2 3 4 5 7 9 10 | 10.6
Armour         | 1 2 3 4 |  4.8
Dodging        | 3 4 5 6 |  6.8
Spellcasting   | 1 2 3 |  3.5
Evocations     | 1 |  1.5
Shields        | 1 |  1.4
Throwing       | |  0.1
Stealth        | |  0.9
Invocations    | |  0.5

Action                     |  1- 3 |  4- 6 |  7- 9 | 10-12 || total
---------------------------+-------+-------+-------+-------++-------
  Melee: Flail             |    15 |    85 |   141 |   172 ||   413
         Headbutt          |     2 |    16 |    22 |    29 ||    69
         Punch             |       |     1 |     1 |     4 ||     6
   Fire: Shortbow          |    69 |    53 |    14 |       ||   136
         Orcbow            |       |       |    72 |   119 ||   191
  Throw: Throwing net      |       |     1 |       |     1 ||     2
         Dart              |       |       |     1 |       ||     1
 Invoke: Bend Time         |       |       |     1 |       ||     1
         Temporal Distorti |       |       |       |     1 ||     1
  Evoke: Wand              |       |       |     2 |    12 ||    14
    Use: Scroll            |     4 |     3 |    15 |     9 ||    31
         Potion            |       |       |       |     2 ||     2
   Stab: Sleeping          |       |     2 |     3 |       ||     5
         Distracted        |       |     1 |       |       ||     1
         Held in net/web   |       |     1 |       |       ||     1
 Armour: Leather armour    |    27 |    42 |    54 |       ||   123
         Steam dragon scal |       |       |    59 |    74 ||   133
         Chain mail        |       |       |       |    98 ||    98
         Plate armour      |       |       |       |     7 ||     7
  Dodge: Dodged            |    22 |    88 |   156 |   280 ||   546
  Block: Other             |     5 |       |       |    32 ||    37
         Reflection        |       |       |       |     2 ||     2
